AoeStats
← Manthasx22

Golden Pit

509506752Analyzed
1v1 RM · 6d ago on Sep 27, 2026· 72m 36s· 2 players
Game mode
Random Map
Map size
Tiny (2 player)
Population
200
Speed
Normal
Resources
Standard
Victory
Conquest
Starting age
Dark Age
Ending age
Imperial Age
RankedLock teamsTeams togetherTeam positionsShared explorationLock speedFull tech treeHidden civsTurbo modeCheats
Victory
Defeat
🇨🇴 Vikings · Colombia
1014
+17
🇺🇸 Danes · United States
1041
-17
Manthasx22
8:24 Loom
10:28 Feudal Age
11:02 Man-at-Arms
23:08 Castle Age
22:28 Double-Bit Axe
24:35 Elite Skirmisher
34:45 Imperial Age
33:13 Fletching
36:04 Forging
42:12 Squires
44:25 Iron Casting
47:34 Blast Furnace
47:48 Bodkin Arrow
49:04 Bracer
49:05 Padded Archer Armor
51:12 Scale Mail Armor
52:35 Chain Mail Armor
52:36 Leather Archer Armor
52:13 Elite Berserk
57:41 Light Cavalry
57:44 Cavalier
59:34 Bow Saw
59:46 Heavy Scorpion
63:12 Horse Collar
66:23 Plate Mail Armor
Beeps99
6:26 Loom
9:25 Feudal Age
9:30 Man-at-Arms
10:31 Double-Bit Axe
13:46 Horse Collar
14:49 Fletching
16:43 Arson
23:07 Castle Age
23:16 Wheelbarrow
23:51 Stone Mining
24:08 Squires
23:33 Crossbowman
24:59 Pikeman
37:22 Imperial Age
36:08 Hand Cart
36:25 Hamask
37:05 Gambesons
37:07 Long Swordsman
40:18 Scale Mail Armor
41:14 Town Watch
41:42 Forging
41:48 Chain Mail Armor
41:47 Capped Ram
43:18 Iron Casting
45:52 Bodkin Arrow
45:49 Two-Handed Swordsman
47:09 Bow Saw
48:59 Ballistics
49:42 Chemistry
48:48 Siege Engineers
50:02 Champion
51:28 Padded Archer Armor
53:27 Plate Mail Armor
53:15 Thumb Ring
52:31 Elite Skirmisher
54:29 Masonry
54:12 Guard Tower
55:55 Blast Furnace
58:27 Bracer
58:43 Leather Archer Armor
60:03 Siege Ram
64:41 Onager
66:18 Keep
67:31 Arrowslits
67:57 Siege Onager
Connection lost

Rejoining the realm…

Still unreachable

The connection could not be restored.

Session expired

The server has moved on; the page needs a fresh start.